cohdb
Replays
Latest Replays
All Replays
Popular Replays
Top Player Replays
Match Explorer
How It Works
Community
CoH3 Stats
Reddit
Sign in to upload your games and track your stats! →
Sign in with Steam
Match 44247957
Unlisted
Match 44247957
Overview
Messages
Build Orders
End
Construct Infanterie Kompanie
Grenadier Squad
Sniper
Grenadier Squad
Infanterie Officer Quarters
Grenadier Squad
Construct Panzergrenadier Kompanie
Pak 40 Anti-tank Gun Team
Selects Breakthrough Battlegroup
Selects 2.5-tonne Cargo Truck
2.5-tonne Cargo Truck
Construct Panzer Kompanie
Stoßtruppen Squad
Panzer IV Medium Tank
Selects Assault Grenadiers
Selects Blitzkrieg
Panzer Officer Quarters
Selects Smoke Bombing Run
Panzer IV Medium Tank
MG 42 Machine Gun Team
Panzer IV Medium Tank
Side Skirts
Selects Smoke Bombing Run
Selects Incendiary Bombing Run
Selects Smoke Bombing Run
Selects Incendiary Bombing Run
Blitzkrieg
Panzer IV Medium Tank
Королева PizdаliSov
Sanchorus
Silianu
soiweg
Gwangju's Hero Chun Doo-gwang
freedman1984
Arnie
Maniax
0
0
Comments
sign in to comment!
No comments posted yet!